 Dungeon Crawl Stone Soup version 0.30.1-3-gfc49f6343a (webtiles) character file.

Game seed: 11482271007618944689

1161 Pepete the Trooper (level 8, -4/74 HPs)
             Began as a Minotaur Berserker on July 25, 2023.
             Was a Priest of Trog.
             Succumbed to an orc wizard's poison
             ... on level 6 of the Dungeon.
             The game lasted 00:11:17 (6223 turns).

Pepete the Trooper (Minotaur Berserker)             Turns: 6223, Time: 00:11:17

Health: -4/74      AC: 15    Str: 34    XL:     8   Next: 16%
Magic:  1/7        EV: 10    Int:  4    God:    Trog [***...]
Gold:   365        SH:  0    Dex: 10    Spells: 7/7 levels left

rFire   x . .        a - +0 hand axe
rCold   . . .        (no shield)
rNeg    . . .        x - +0 chain mail
rPois   .            (helmet restricted)
rElec   .            y - +1 cloak
rCorr   .            h - +0 pair of gloves
SInv    .            t - +0 pair of boots
Will    .....        n - amulet of Billexiw {Spirit rF- Str+10} Stlth
                     (no ring)
HPRegen 0.32/turn    (no ring)
MPRegen 0.10/turn

%: guardian spirit
@: confused, lethally poisoned (-4 -> -21), on berserk cooldown, slowed, very
slow
A: horns 2, retaliatory headbutt
a: Renounce Religion, Berserk, Trog's Hand


You were on level 6 of the Dungeon.
You worshipped Trog.
Trog was most pleased with you.
You visited 1 branch of the dungeon, and saw 6 of its levels.
You also visited: Ossuary.

You collected 365 gold pieces.

Inventory:

Hand Weapons
 a - a +0 hand axe (weapon)
Armour
 h - a +0 pair of gloves (worn)
 t - a +0 pair of boots (worn)
 x - a +0 chain mail (worn)
 y - a +1 cloak (worn)
Jewellery
 n - the amulet of Billexiw (around neck) {Spirit rF- Str+10}
   (You found it on level 2 of the Dungeon)

   [amulet of guardian spirit]

   It causes incoming damage to be divided between your reserves of health and
   magic.
   Str:       It affects your strength (+10).
   rF:        It makes you vulnerable to fire.
Wands
 q - a wand of quicksilver (3)
 u - a wand of flame (10)
 v - a wand of charming (8)
Scrolls
 d - a scroll of amnesia
 g - 2 scrolls of fear
 i - a scroll of magic mapping
 l - 5 scrolls of teleportation
 o - a scroll of enchant weapon {unknown}
 r - 2 scrolls of identify {unknown}
 B - 2 scrolls of fog {unknown}
Potions
 b - 3 potions of resistance
 c - a potion of berserk rage
 e - a potion of brilliance {unknown}
 f - a potion of invisibility {unknown}
 j - 3 potions of degeneration {unknown}
 k - 3 potions of heal wounds {unknown}
 m - a potion of haste {unknown}
 p - 3 potions of attraction {unknown}
 s - 6 potions of curing {unknown}
 w - 3 potions of mutation {unknown}
 z - 2 potions of lignification {unknown}
 A - a potion of cancellation {unknown}


   Skills:
 + Level 7.7 Fighting
 + Level 7.5 Axes
 + Level 7.1 Armour
 - Level 2.1 Dodging


You had 7 spell levels left.
You didn't know any spells.
Your spell library was empty.

Dungeon Overview and Level Annotations

Branches:
Dungeon (6/15)            Ossuary (visited)
 Temple: D:4-7

Altars:
Sif Muna

Shops:
D:1 =   D:5 ![*[


Innate Abilities, Weirdness & Mutations

You have a pair of horns on your head.
You reflexively headbutt those who attack you in melee.


Message History

The orc wizard hits you but does no damage.
You are more poisoned.
Unknown command.
You completely miss the orc wizard.
The orc wizard is lightly wounded.
You closely miss the orc priest.
You feel very sick.
You slash the orc wizard!
The orc wizard is severely wounded.
You slash the orc priest!
You kill the orc priest!
Trog accepts your kill.
You feel sick. The orc wizard closely misses you.
You're too confused to move!
You are no longer berserk.
You are exhausted.
You feel yourself slow down.
* * * LOW HITPOINT WARNING * * *
You feel very sick. The orc wizard casts a spell at you.
You are more confused.
* * * LOW HITPOINT WARNING * * *
You feel very sick. The orc wizard barely misses you.
Items here: )) [[.
* * * LOW HITPOINT WARNING * * *
You feel very sick. The orc wizard barely misses you.
The orc wizard gestures at you while chanting.
You resist with some effort.
Items here: )) ††.
* * * LOW HITPOINT WARNING * * *
You feel very sick.
The orc wizard hits you with a +2 dagger of venom.
* * * LOW HITPOINT WARNING * * *
You are more poisoned.
There is a stone staircase leading up here.
It was a potion of berserk rage.
You're still recovering from your berserk rage.
You die...

,,,,*##.'#...#+,**,* *,*
***,*,###.....#**,** *,*
,,................* *,*
,*#........⌠......* *,*
,*###.............* *,* **
#####.....####* *,*
*******,.#...#+.## *,*
,,,,,*,,.#...#.)o# *,*
******>,#*...##)@# *,*
,********,,,,,#### *,*
,,,**,,,,,,,*** *,*
,****,,,,,,*********** *,*
,* *,,,,,,,,,,,,,,,,* *,*
,****,,,,,,,,,,,,,,,,*****,*
,,,,,,,,,,,,,,,,,,,,,,,,,,,*
,****,,,,,,,,,,,,,,,,*******
,* *****,*,,,,,,,,,,+,,,*


You could see an orc wizard.

Vanquished Creatures
  Menkaure (D:5)
  An orc warrior (D:6)
  An ogre (D:4)
  An elf zombie (Ossuary)
  2 scorpions
  A hound (D:6)
  2 jellies
  3 orc priests
  A sleepcap (D:5)
  Jessica (D:2)
  Ijyb (D:3)
  2 iguanas (D:6)
  Natasha (twice) (D:2)
  An orc wizard (D:4)
  A hound zombie (Ossuary)
  4 mummies (Ossuary)
  6 gnolls (D:5)
  3 adders
  An ufetubus (D:5)
  An adder zombie (Ossuary)
  3 worms
  A dart slug (D:4)
  16 orcs
  2 ball pythons (D:4)
  4 bats
  10 endoplasms
  5 giant cockroaches
  13 hobgoblins
  3 jackals (D:1)
  13 kobolds
  3 quokkas
  A frilled lizard (D:3)
  2 gnoll zombies (Ossuary)
  10 goblins
  A goblin zombie (Ossuary)
  2 hobgoblin zombies (Ossuary)
  2 kobold zombies (Ossuary)
  An orc zombie (Ossuary)
  5 rats
  A rat zombie (Ossuary)
134 creatures vanquished.

Notes
Turn   | Place    | Note
-------+----------+-------------------------------------------
     0 | D:1      | Pepete the Minotaur Berserker began the quest for the Orb.
     0 | D:1      | Reached XP level 1. HP: 19/19 MP: 0/0
   402 | D:1      | Reached XP level 2. HP: 26/27 MP: 1/1
   551 | D:1      | Found Tapac's Jewellery Boutique.
   973 | D:2      | Noticed Natasha
   976 | D:2      | Killed Natasha
   977 | D:2      | Reached XP level 3. HP: 33/33 MP: 2/2
   988 | D:2      | Noticed Jessica
   998 | D:2      | Killed Jessica
   999 | D:2      | Reached XP level 4. HP: 41/41 MP: 3/3
  1329 | D:2      | Identified the amulet of Billexiw {Spirit rF- Str+10}
  1574 | D:2      | Reached ** piety under Trog
  1645 | D:2      | Noticed Natasha
  1651 | D:2      | Killed Natasha
  2038 | D:3      | Reached skill level 5 in Fighting
  2040 | D:3      | Noticed Ijyb
  2055 | D:3      | Killed Ijyb
  2056 | D:3      | Reached skill level 5 in Axes
  2056 | D:3      | Reached XP level 5. HP: 28/48 MP: 4/4
  2423 | D:3      | You fall into a shaft and drop 3 floors!
  2548 | D:6      | Found a sand-covered staircase.
  2556 | Ossuary  | Entered an ossuary
  2568 | Ossuary  | Reached XP level 6. HP: 56/56 MP: 5/5
  2577 | Ossuary  | Reached skill level 5 in Armour
  2933 | D:5      | Entered Level 5 of the Dungeon
  3124 | D:5      | Found Sagh's Antique Armour Boutique.
  3148 | D:5      | Found Virof's Distillery.
  3150 | D:5      | Found Aweatei's Antique Armour Boutique.
  3152 | D:5      | Found Zempocir's Assorted Antiques.
  3696 | D:4      | Reached XP level 7. HP: 64/64 MP: 6/6
  4371 | D:4      | Reached *** piety under Trog
  4755 | D:4      | Found a shimmering blue altar of Sif Muna.
  5507 | D:5      | Noticed Menkaure
  5514 | D:5      | Killed Menkaure
  5949 | D:5      | Reached XP level 8. HP: 70/73 MP: 7/7
  6222 | D:6      | HP: 3/74 [poisoned by an orc wizard]
  6223 | D:6      | Succumbed to an orc wizard's poison

Illustrated notes

Levels and vault maps discovered:
D:1:      tarquinn_simple_flora_water_d, layout_basic, serial_shops,
          nicolae_shop_gaudy_bauble
D:2:      layout_loops_cross, uniq_natasha, uniq_jessica
D:3:      layout_loops_ring, minmay_misc_feat_diagonals, uniq_ijyb
D:4:      layout_basic, mainiacjoe_overflow_alcove_1
D:5:      corexii_shantytown, layout_loops_corners, serial_shops,
          nicolae_shop_tiny_glass, nicolae_shop_distant_corner_stores,
          uniq_menkaure
D:6:      layout_basic, led_xom_imps, lemuel_doored_altar,
          chequers_ossuary_entry_cave, minmay_holes, grunt_ministairs_6

Skill      XL: |  1  2  3  4  5  6  7  8 |
---------------+-------------------------+-----
Fighting       | 4 5 6 7 |  7.7
Axes           | 4 5 6 7 |  7.5
Armour         | 3 4 5 6 7 |  7.1
Dodging        | |  2.1

Action                     |  1- 3 |  4- 6 |  7- 9 || total
---------------------------+-------+-------+-------++-------
  Melee: Hand axe          |    68 |   137 |    95 ||   300
         Headbutt          |    10 |    24 |    21 ||    55
         Punch             |       |     2 |     1 ||     3
 Invoke: Berserk           |     1 |     2 |     2 ||     5
         Trog's Hand       |       |     1 |       ||     1
    Use: Scroll            |       |     5 |       ||     5
         Potion            |       |     1 |     1 ||     2
 Armour: Animal skin       |     3 |       |       ||     3
         Chain mail        |    32 |    58 |    50 ||   140
  Dodge: Dodged            |    27 |    58 |    43 ||   128
